 Dungeon Crawl Stone Soup version 0.31.0-9-g3a7656b989 (webtiles) character file.

Game seed: 15582424577838379142

60 qw the Shooter (level 3, -1/18 HPs)
             Began as a Spriggan Hunter on Feb 2, 2024.
             Slain by an orc
             ... wielding a +1 short sword of speed
              (2 damage)
             ... on level 3 of the Dungeon.
             The game lasted 00:00:03 (1316 turns).

qw the Shooter (Spriggan Hunter)                    Turns: 1316, Time: 00:00:04

Health: -1/18      AC:  2    Str:  7    XL:     3   Next: 80%
Magic:  4/4        EV: 19    Int: 10    God:
Gold:   131        SH:  0    Dex: 20    Spells: 2/2 levels left

rFire   . . .        a - +0 shortbow
rCold   . . .        (shield currently unavailable)
rNeg    . . .        c - +0 robe
rPois   .            (helmet restricted)
rElec   .            (no cloak)
rCorr   .            (gloves unavailable)
SInv    +            (boots unavailable)
Will    .....        (no amulet)
Stlth   ++           (no ring)
HPRegen 0.23/turn    (no ring)
MPRegen 0.09/turn

%: no passive effects
@: very quick
A: very small, no large weapons, unfitting armour, see invisible, speed 3
a: no special abilities


You were on level 3 of the Dungeon.
You visited 1 branch of the dungeon, and saw 3 of its levels.

You collected 131 gold pieces.


Innate Abilities, Weirdness & Mutations

You are very small and have problems with some larger weapons.
You are too small for most types of armour.
You have supernaturally acute eyesight. (SInv)
You cover ground extremely quickly. (Speed+++)


   Skills:
 - Level 1.5 Fighting
 - Level 5.0 Ranged Weapons
 + Level 4.0 Dodging
 - Level 1.5 Stealth


You had 2 spell levels left.
You didn't know any spells.
Your spell library was empty.

Inventory:

Hand Weapons
 a - a +0 shortbow (weapon)
Armour
 c - a +0 robe (worn)
Potions
 b - a potion of cancellation {unknown}
 e - a potion of magic {unknown}
 f - a potion of mutation {unknown}
 g - a potion of haste {unknown}

Dungeon Overview and Level Annotations

Branches:
Dungeon (3/15)

Altars:


Message History

The goblin shouts!
The arrow hits the goblin!
You kill the goblin!
You hear a shout! x4
Found 6 stones.
You hear a shout!
You see here 6 stones.
A quokka comes into view.
You shoot an arrow. The arrow closely misses the quokka.
You shoot an arrow.
The arrow hits the quokka but does no damage.
The quokka misses you.
An orc comes into view. It is wielding a +0 flail.
You shoot an arrow. The arrow barely misses the quokka.
The quokka closely misses you. x2
You shoot an arrow. The arrow hits the quokka.
The quokka is heavily wounded.
The quokka closely misses you.
An orc comes into view.
It is wielding a +1 short sword of speed.
You shoot an arrow. The arrow barely misses the quokka.
The quokka barely misses you. The quokka misses you.
You shoot an arrow. The arrow hits the quokka!
You kill the quokka!
An orc priest comes into view. It is wielding a +0 club.
Your Ranged Weapons skill increases to level 5!
You shoot an arrow. The arrow hits the orc!
You kill the orc!
The orc priest mumbles some strange prayers to Beogh against you.
Beogh smites you!
Ouch! That really hurt!
The orc hits you with a +1 short sword of speed.
You shoot an arrow. The arrow closely misses the orc.
You hear a shout!
The orc hits you with a +1 short sword of speed.
An orc priest comes into view. It is wielding a +0 short sword.
The orc priest shouts!
You shoot an arrow. The arrow hits the orc.
The orc is almost dead.
The orc hits you with a +1 short sword of speed.
You die...

#......# ## #......#
#. #....).# #. #
#......# #. #.##
#......# #.
#...#######......# #.
#........#......# #.
#..o@(..........# #.
#..o7777777.########.
#.$. 7<###...... #?.o
7...'...... ###.
7####...... #.
#...... ## #...<..
#######


You could see 2 orc priests and an orc.

Vanquished Creatures
  3 adders (D:2)
  A dart slug (D:2)
  An orc (D:3)
  5 endoplasms
  5 goblins
  3 hobgoblins (D:1)
  A quokka (D:3)
  A ball python (D:1)
  2 bats
  3 frilled lizards
  A kobold (D:2)
  5 rats
31 creatures vanquished.

Notes
Turn   | Place    | Note
-------+----------+-------------------------------------------
     0 | D:1      | qw the Spriggan Hunter began the quest for the Orb.
     0 | D:1      | Reached XP level 1. HP: 10/10 MP: 2/2
     0 | D:1      | 0 ||| qw: Version: 0.3-a-155-g5e7d8dd
     0 | D:1      | 0 ||| qw: Game counter: 1746
     0 | D:1      | 0 ||| qw: Melee chars always use a shield: true
     0 | D:1      | 0 ||| qw: God list: Okawaru
     0 | D:1      | 0 ||| qw: Allow faded altars: false
     0 | D:1      | 0 ||| qw: Do Orc after clearing Dungeon:15 true
     0 | D:1      | 0 ||| qw: Do second Lair branch before Depths: true
     0 | D:1      | 0 ||| qw: Lair rune preference: random
     0 | D:1      | 0 ||| qw: Goals: Normal
     0 | D:1      | 0 ||| PLANNING D:1-11
    37 | D:1      | Reached skill level 3 in Dodging
    76 | D:1      | Reached XP level 2. HP: 14/14 MP: 3/3
   687 | D:1      | 687 ||| READING scroll labelled YMOPHOB UMEW.
   691 | D:1      | 691 ||| READING scroll labelled FOCAGO JIASANI.
   692 | D:1      | 692 ||| DROPPING scroll of butterflies.
   739 | D:2      | Reached XP level 3. HP: 17/18 MP: 4/4
  1142 | D:2      | 1142 ||| READING scroll labelled IDOXZE XAAQ.
  1243 | D:2      | 1243 ||| READING 3 scrolls labelled ENUNLU LEDITZ.
  1244 | D:2      | 1244 ||| DROPPING 2 scrolls of immolation.
  1247 | D:3      | 1247 ||| STAIRDANCE
  1314 | D:3      | Reached skill level 5 in Ranged Weapons
  1314 | D:3      | HP: 4/18 [orc/+1 short sword of speed (5)]
  1315 | D:3      | HP: 1/18 [orc/+1 short sword of speed (4)]
  1316 | D:3      | Slain by an orc

Levels and vault maps discovered:
D:1:      lightli_arrival_maybe_door_vault, layout_loops_ring
D:2:      layout_rooms, roderic_roman_lattice
D:3:      layout_basic, kennysheep_okawaru_gauntlet,
          mainiacjoe_overflow_alcove_1, old_standard_altar, uniq_natasha,
          uniq_jessica, uniq_sigmund

Skill      XL: |  1  2  3 |
---------------+----------+-----
Dodging        | 3 4 |  4.0
Ranged Weapons | 5 |  5.0
Fighting       | |  1.5
Stealth        | |  1.5

Action                     || total
---------------------------++-------
   Fire: Shortbow          ||    74
    Use: Scroll            ||     4
 Armour: Robe              ||    11
  Dodge: Dodged            ||    23

Table legend:
 A = Non-vault XP
 B = Vault XP
 C = Vault XP percentage of total XP
 D = Non-vault monster count
 E = Vault monster count
 F = Vault count percentage of total count
                 A         B        C        D         E       F
            +---------+---------+-------+---------+---------+-------
      Total |      86 |       0 |   0.0 |      31 |       0 |   0.0
            +---------+---------+-------+---------+---------+-------
        D:1 |      27 |       0 |   0.0 |      18 |       0 |   0.0
        D:2 |      51 |       0 |   0.0 |       9 |       0 |   0.0
        D:3 |       8 |       0 |   0.0 |       4 |       0 |   0.0
            +---------+---------+-------+---------+---------+-------
